Map: Eternal Empire LE

Players

Thor - Winner!

  • Race: Zerg Zerg
  • League: Grandmaster
  • Spawn Location: 1:00

NinjaKWick

  • Race: Terran Terran
  • League: Master
  • Spawn Location: 7:00

VOD

Have the link to the VOD?

Description

Time

  • Played on: May 30, 2020, 12:30 a.m.
  • Length: 13:58
Show
View Real Time Build Order
Export as new Build Order

Thor Zerg - Winner!

Build Orders: Hatch First 

Get SALT Encoding   

  12  0:00  Drone  
  13  0:12  Overlord  
  13  0:16  Drone  
  14  0:30  Drone x2  
  16  0:48  Hatchery  
  15  0:52  Drone  
  16  0:57  Drone  
  16  0:59  Drone  
  18  1:11  Extractor  
  18  1:14  Spawning Pool  
  18  1:18  Drone  
  17  1:20  Drone  
  18  1:28  Drone  
  19  1:38  Drone  
  20  1:49  Drone  
  21  2:00  Overlord  
  21  2:01  Queen x2  
  21  2:02  Zergling x2  
  26  2:11  Zergling x2  
  26  2:14  Metabolic Boost  
  27  2:18  Drone  
  28  2:25  Drone x2  
  30  2:35  Drone  
  30  2:38  Drone  
  30  2:43  Overlord  
  30  2:44  Drone  
  32  2:50  Queen  
  34  2:54  Drone  
  35  2:59  Overlord  
  35  3:04  Drone  
  36  3:06  Drone  
  36  3:08  Extractor  
  37  3:13  Drone x2  
  37  3:18  Hatchery, Drone  
  37  3:19  Drone  
  40  3:20  Drone  
  41  3:32  Drone x2  
  43  3:36  Queen  
  43  3:37  Overlord  
  43  3:41  Drone  
  46  3:43  Drone  
  46  3:45  Drone  
  46  3:48  Drone  
  49  3:49  Overlord  
  49  3:54  Overlord  
  49  3:59  Overlord  
  49  4:02  Drone x3  
  52  4:04  Overlord  
  52  4:13  Queen, Drone  
  52  4:16  Drone  
  56  4:18  Drone  
  56  4:19  Baneling Nest  
  56  4:21  Drone  
  56  4:23  Evolution Chamber  
  56  4:25  Drone  
  56  4:27  Overlord  
  56  4:31  Drone  
  58  4:32  Overlord  
  58  4:33  Drone  
  58  4:35  Drone  
  60  4:38  Evolution Chamber  
  60  4:39  Queen, Drone  
  60  4:42  Overlord, Drone  
  63  4:46  Drone  
  63  4:49  Zergling x2  
  65  4:53  Zergling x4  
  65  4:59  Zergling x6  
  70  5:00  Queen  
  70  5:03  Zergling x10  
  70  5:06  Spore Crawler  
  76  5:07  Spore Crawler x2, Drone  
  76  5:10  Drone  
  76  5:11  Drone  
  76  5:12  Drone x2  
  76  5:13  Drone  
  80  5:14  Drone  
  80  5:19  Extractor  
  80  5:21  Extractor x2  
  79  5:22  Zerg Ground Armor Level 1, Extractor  
  79  5:23  Zerg Melee Weapons Level 1  
  79  5:27  Drone  
  78  5:30  Lair  
  78  5:31  Drone x3  
  78  5:33  Drone  
  78  5:34  Drone  
  81  5:36  Drone  
  81  5:37  Drone  
  81  5:38  Drone x2  
  81  5:40  Drone  
  87  5:42  Drone  
  87  5:44  Drone  
  87  5:48  Drone  
  87  5:49  Drone  
  90  5:55  Drone  
  91  6:01  Hatchery  
  91  6:03  Queen  
  92  6:08  Zergling x10  
  92  6:09  Overlord  
  92  6:10  Overlord  
  97  6:18  Overlord x2  
  97  6:26  Overlord x2  
  97  6:32  Centrifical Hooks  
  97  6:34  Overlord  
  97  6:36  Drone  
  97  6:37  Pneumatized Carapace  
  97  6:39  Hydralisk Den, Drone  
  98  6:40  Overlord  
  98  6:41  Drone  
  98  6:46  Drone  
  100  6:48  Drone x3  
  100  6:50  Zergling x14  
  100  6:51  Zergling x2  
  111  6:57  Baneling  
  111  7:01  Zergling x6  
  112  7:08  Drone  
  115  7:11  Drone x2  
  116  7:22  Drone x3  
  119  7:23  Unknown  
  119  7:24  Hatchery  
  119  7:25  Zerg Ground Armor Level 2, Zerg Melee Weapons Level 2  
  119  7:28  Grooved Spines  
  119  7:29  Hydralisk x7  
  131  7:36  Zergling x12  
  131  7:37  Zergling x4  
  139  7:39  Zergling x2  
  139  7:41  Zergling x2, Baneling  
  139  7:42  Baneling x5  
  139  7:43  Baneling x4  
  139  7:44  Baneling x2  
  139  7:46  Zergling x2  
  139  7:48  Zergling x6  
  137  7:51  Baneling x5  
  137  7:53  Zergling x2  
  131  8:00  Zergling x16  
  131  8:05  Zergling x2  
  132  8:17  Hatchery  
  127  8:22  Drone x3, Extractor  
  127  8:23  Infestation Pit  
  127  8:25  Drone x2  
  127  8:26  Drone  
  130  8:27  Drone x5  
  130  8:32  Drone  
  136  8:36  Drone  
  136  8:38  Drone  
  136  8:40  Drone  
  136  8:41  Drone x8  
  145  8:51  Zergling x2  
  145  8:52  Zergling x6  
  149  8:57  Unknown, Burrow  
  149  8:58  Muscular Augments  
  149  9:00  Overseer  
  149  9:01  Overlord  
  149  9:02  Overlord x2  
  148  9:06  Hive  
  148  9:09  Hatchery  
  147  9:10  Drone  
  147  9:11  Drone  
  149  9:19  Hatchery  
  149  9:21  Zergling x4  
  149  9:22  Zergling x14  
  157  9:24  Hydralisk  
  157  9:36  Zergling x24  
  157  9:37  Zergling x2  
  169  9:40  Overseer  
  169  9:43  Drone  
  169  9:44  Spore Crawler  
  166  9:55  Zergling x2  
  166  9:58  Drone x2  
  165  10:00  Hydralisk x6  
  165  10:01  Hydralisk x2  
  165  10:06  Drone  
  181  10:10  Drone, Extractor  
  181  10:20  Queen x2  
  185  10:23  Adrenal Glands  
  185  10:25  Overlord x3, Ultralisk Cavern  
  185  10:26  Overlord  
  184  10:31  Overlord  
  184  10:32  Viper x2  
  184  10:33  Extractor  
  189  10:38  Zergling x8  
  193  10:46  Hydralisk x3  
  199  10:50  Spore Crawler  
  199  10:51  Queen  
  199  10:56  Spore Crawler  
  199  10:57  Spore Crawler, Queen  
  199  10:59  Hatchery  
  199  11:06  Drone  
  200  11:21  Zerg Ground Armor Level 3  
  200  11:53  Baneling  
  200  11:54  Baneling x14  
  200  11:59  Zergling x6  
  200  12:00  Zergling x18  
  182  12:01  Zergling x2  
  182  12:02  Zergling x36  
  182  12:08  Zergling x8, Chitinous Plating  
  198  12:23  Zergling x2  
  198  12:25  Overlord x2  
  198  12:26  Hatchery  
  198  12:29  Zergling x2  
  197  12:48  Baneling x2  
  197  12:49  Baneling x14  
  196  12:59  Baneling x4  
  196  13:02  Drone  
  197  13:13  Zergling x6  
  176  13:29  Zergling x2  
  176  13:31  Zergling x2  
  176  13:32  Zergling x44  
  183  13:36  Zergling x22  
  183  13:37  Zergling x8  
Show
View Real Time Build Order
Export as new Build Order

NinjaKWick Terran 

Build Orders: Reaper Expand 

Get SALT Encoding   

  12  0:01  SCV  
  13  0:13  SCV  
  14  0:17  Supply Depot  
  14  0:25  SCV  
  15  0:39  SCV  
  15  0:41  Barracks  
  16  0:46  Refinery  
  16  0:51  SCV  
  17  1:03  SCV  
  18  1:15  SCV  
  19  1:29  Reaper, Orbital Command  
  20  1:45  Command Center  
  20  1:56  SCV  
  20  2:01  Supply Depot, Marine  
  22  2:08  SCV  
  22  2:14  Factory  
  23  2:22  Refinery  
  23  2:23  SCV  
  23  2:24  Barracks Reactor  
  24  2:35  SCV  
  25  2:47  SCV  
  26  2:58  Orbital Command  
  26  2:59  SCV  
  26  3:00  Starport  
  26  3:02  Engineering Bay  
  27  3:12  Barracks Tech Lab  
  25  3:13  Hellion  
  25  3:14  Hellion  
  25  3:16  SCV  
  30  3:23  SCV  
  31  3:28  SCV  
  31  3:30  Supply Depot  
  32  3:35  Hellion x2  
  32  3:37  SCV  
  37  3:43  SCV  
  37  3:47  Barracks Tech Lab  
  37  3:48  Viking  
  40  3:50  SCV  
  41  3:55  Supply Depot  
  41  3:56  SCV  
  41  3:58  Hellion  
  41  4:00  Hellion  
  46  4:03  SCV  
  46  4:06  Stimpack  
  47  4:11  SCV  
  48  4:17  Liberator  
  48  4:18  SCV  
  52  4:32  Command Center  
  52  4:36  SCV  
  52  4:37  Supply Depot  
  53  4:44  SCV  
  54  4:48  Engineering Bay  
  54  4:50  SCV, Engineering Bay  
  55  4:58  SCV  
  54  5:02  Factory Reactor  
  54  5:05  Barracks  
  54  5:06  SCV, Barracks  
  55  5:10  SCV, Refinery  
  55  5:13  Refinery  
  54  5:15  Terran Infantry Weapons Level 1  
  54  5:18  SCV  
  55  5:25  Marine  
  54  5:28  Terran Infantry Armor Level 1  
  54  5:34  Starport Reactor  
  50  5:39  SCV  
  46  5:43  Barracks  
  46  5:45  SCV  
  46  5:46  Orbital Command, Barracks  
  47  5:52  Marine  
  47  5:54  Combat Shield  
  48  6:02  Marine x2  
  48  6:03  Marine x2  
  52  6:06  Siege Tank  
  52  6:09  Marine  
  52  6:10  SCV x2  
  58  6:20  Marine  
  58  6:21  Marine x3  
  62  6:29  SCV x2  
  62  6:31  Barracks Reactor  
  64  6:36  Barracks Reactor, Marine  
  64  6:38  Medivac x2, Siege Tank  
  73  6:40  Orbital Command  
  73  6:45  Supply Depot x2  
  72  6:49  Marine x3  
  72  6:50  Marine  
  72  6:52  SCV  
  78  6:54  SCV, Marine  
  78  6:58  Supply Depot  
  79  7:03  Armory  
  79  7:05  SCV  
  79  7:06  SCV, Supply Depot  
  81  7:08  SCV  
  81  7:10  Siege Tank  
  81  7:11  Marine x5  
  81  7:12  Marine x2  
  90  7:26  SCV  
  90  7:27  SCV x2, Marine x2  
  90  7:29  Medivac  
  97  7:30  Concussive Shells  
  97  7:38  SCV  
  97  7:39  SCV x2, Refinery x2  
  93  7:49  Marine  
  93  7:50  Marine x6  
  93  7:51  SCV  
  95  7:52  SCV  
  91  8:03  SCV  
  91  8:04  SCV, Marine x2  
  95  8:07  Marine x2  
  95  8:08  Marine x3  
  95  8:09  Marine x2  
  93  8:14  SCV, Terran Infantry Weapons Level 2  
  93  8:15  SCV  
  93  8:17  Terran Infantry Armor Level 2  
  87  8:22  Marine  
  88  8:27  Marine x4  
  88  8:28  Marine x3  
  88  8:29  Siege Tank  
  88  8:31  SCV  
  99  8:40  Marine x2  
  99  8:41  Medivac  
  99  8:42  Medivac  
  99  8:45  Marine x2  
  105  8:50  Factory  
  105  8:53  Supply Depot  
  105  8:55  Marine x5  
  107  8:58  Supply Depot  
  107  9:01  Marine x2, Siege Tank  
  107  9:02  Supply Depot  
  115  9:04  SCV x2  
  115  9:06  Supply Depot  
  115  9:07  Supply Depot  
  117  9:15  SCV  
  118  9:17  Marine x3  
  118  9:18  SCV  
  118  9:19  Command Center  
  118  9:20  Marauder  
  118  9:23  SCV  
  125  9:26  Supply Depot  
  125  9:27  SCV  
  126  9:39  Marine x5  
  126  9:40  Marine x2  
  126  9:42  Siege Tank  
  132  9:48  SCV x2  
  132  9:49  Supply Depot  
  132  9:50  Marine x2  
  136  9:53  Supply Depot  
  136  9:55  SCV  
  136  10:01  SCV x2, Supply Depot  
  136  10:02  Supply Depot  
  136  10:03  Marine x6, Factory Tech Lab  
  143  10:07  SCV  
  143  10:08  Marauder  
  143  10:13  SCV  
  139  10:14  Terran Vehicle Weapons Level 1  
  139  10:16  SCV  
  139  10:20  Marine x2  
  139  10:21  Marine, Siege Tank  
  146  10:25  Supply Depot  
  146  10:26  Supply Depot  
  146  10:43  Marine x2  
  146  10:45  Marine x6  
  146  10:46  Marauder, Siege Tank  
  158  10:53  Barracks, Siege Tank  
  161  10:58  Barracks  
  161  10:59  Supply Depot  
  161  11:00  Barracks  
  161  11:01  Marine x2  
  161  11:02  Marine  
  161  11:03  Marine x2  
  166  11:05  Marine x2  
  166  11:07  Marauder  
  166  11:08  Marine  
  171  11:18  Marine  
  171  11:19  Marine  
  171  11:20  Marine x2  
  171  11:21  Marine  
  175  11:29  Marauder  
  177  11:37  Marine x2  
  177  11:38  SCV  
  177  11:39  SCV  
  182  11:40  SCV  
  173  11:50  Marauder, Marine x4  
  144  12:03  Marine x3  
  144  12:05  Barracks Tech Lab x2  
  127  12:10  Marine x2  
  127  12:11  Marauder  
  127  12:13  SCV  
  132  12:17  Liberator, Siege Tank x2  
  133  12:23  Planetary Fortress  
  133  12:25  SCV x2  
  135  12:33  Marauder  
  135  12:36  Marine x2  
  139  12:38  Medivac  
  139  12:39  SCV  
  139  12:40  SCV  
  143  12:46  SCV  
  143  12:48  Marine x5  
  143  12:49  Marauder  
  143  12:50  Siege Tank  
  154  12:54  Marauder  
  154  12:56  Barracks Tech Lab  
  154  12:57  Marine x3  
  154  12:58  Marauder  
  161  13:06  Marine  
  161  13:07  Command Center  
  162  13:16  Marauder  
  152  13:32  Marine x2  
  152  13:33  Marauder, Marine x3  
  115  13:34  Marauder  
Tags
 
Add a new tag
Caveats
  • Supply blocks, unpowered buildings, or Contaminate may cause inaccurate times.
  • Supply counts are checked every 10 seconds.